Map: Central Protocol

Players

capac - Winner!

  • Race: Terran Terran
  • League: Gold

A.I. 1 (Elite)

  • Race: Terran Terran

VOD

Have the link to the VOD?

Description

Time

  • Played on: March 6, 2016, 10:18 a.m.
  • Length: 13:00
Show
View Real Time Build Order
Export as new Build Order

capac Terran - Winner!

Build Orders: Reaper Expand, MMM Bio 

Get SALT Encoding   

  12  0:03  SCV  
  13  0:15  SCV  
  13  0:20  Supply Depot  
  14  0:27  SCV  
  15  0:42  SCV  
  16  0:45  Barracks  
  16  0:49  Refinery  
  16  0:57  SCV  
  17  1:09  SCV  
  18  1:21  SCV  
  19  1:33  Reaper, SCV  
  19  1:38  Command Center  
  21  1:51  Supply Depot  
  21  1:52  Orbital Command  
  21  2:06  Barracks Reactor  
  21  2:20  SCV  
  22  2:28  Barracks  
  22  2:32  SCV  
  23  2:42  Refinery, Factory  
  23  2:45  SCV  
  23  2:54  Bunker  
  23  2:56  Orbital Command  
  23  2:58  Marine x2  
  25  3:04  SCV  
  26  3:17  SCV  
  26  3:18  Marine x2  
  29  3:22  Barracks Tech Lab  
  29  3:30  Factory Tech Lab  
  29  3:32  Starport  
  29  3:34  Barracks  
  29  3:36  Marine  
  29  3:37  Marine  
  29  3:39  SCV  
  32  3:41  SCV  
  32  3:47  Marine  
  34  3:52  Siege Tank  
  34  3:54  SCV  
  38  3:57  Marine  
  38  3:58  Marine  
  40  4:08  Marine  
  41  4:10  Stimpack  
  41  4:13  Starport Reactor  
  41  4:20  Engineering Bay  
  41  4:23  Engineering Bay  
  41  4:24  Marine x2  
  41  4:27  Barracks Reactor  
  41  4:29  SCV x2  
  45  4:35  Supply Depot  
  45  4:41  SCV  
  45  4:43  SCV  
  45  4:44  Siege Tank  
  50  4:51  Refinery  
  50  4:53  Supply Depot  
  50  4:56  Marine x3  
  53  5:00  SCV  
  53  5:02  SCV  
  55  5:12  SCV  
  56  5:14  Marine x3, SCV  
  56  5:15  Marine  
  56  5:20  Siege Tank  
  64  5:25  Supply Depot  
  64  5:27  SCV  
  65  5:34  Marine x4  
  69  5:35  Marine  
  69  5:40  Supply Depot  
  70  5:46  Medivac x2  
  70  5:48  Supply Depot  
  74  5:52  SCV x2  
  76  5:58  Marine x2  
  76  6:01  Marine x3  
  76  6:02  Siege Tank  
  76  6:04  SCV x2  
  86  6:07  Refinery  
  86  6:11  Supply Depot  
  86  6:19  Medivac x2  
  86  6:21  Marine, SCV x2  
  86  6:22  Marine  
  94  6:33  Marine x3  
  94  6:34  Supply Depot  
  97  6:49  Marine, Medivac x2  
  102  6:56  Marine x3  
  102  6:57  Supply Depot, SCV  
  102  6:58  SCV  
  102  6:59  Marine  
  108  7:02  Liberator x2  
  108  7:07  Marine  
  108  7:20  Marine x4  
  118  7:47  Supply Depot  
  118  7:48  Marine x3, Siege Tank, SCV x2  
  118  7:49  Terran Infantry Weapons Level 1, Terran Infantry Armor Level 1  
  126  7:51  Supply Depot, Combat Shields  
  126  7:52  Supply Depot  
  126  8:03  Barracks  
  126  8:05  Barracks  
  126  8:12  Command Center  
  114  9:11  Marine x4  
  114  9:12  Marine, Barracks Reactor  
  114  9:13  Barracks Reactor  
  114  9:16  Factory  
  117  9:22  Starport  
  117  9:28  Medivac x2  
  117  9:29  Marine x4  
  117  9:31  Siege Tank  
  125  9:58  Medivac  
  125  10:05  Marine x5  
  130  10:08  Medivac  
  130  10:11  Siege Tank  
  135  10:22  Marine  
  135  10:23  Marine x3  
  135  10:28  Medivac  
  139  10:29  Marine  
  139  10:32  Starport Reactor, Factory Tech Lab  
  140  10:38  Medivac  
  140  10:40  Marine x2  
  140  10:41  Marine x2  
  146  10:46  Marine  
  147  12:02  Marine  
  147  12:03  Marine x4  
Show
View Real Time Build Order
Export as new Build Order

A.I. 1 (Elite) Terran 

Build Orders: MMM Bio 

Get SALT Encoding   

  12  0:00  SCV  
  13  0:13  SCV  
  14  0:18  Supply Depot  
  14  0:25  SCV  
  15  0:40  SCV  
  16  0:44  Barracks  
  16  0:46  Refinery  
  16  0:52  SCV  
  17  1:03  Barracks  
  17  1:05  SCV  
  18  1:17  SCV  
  19  1:31  Marine  
  20  1:33  Orbital Command  
  20  1:41  Barracks  
  20  1:49  Marine x2  
  22  1:58  Supply Depot  
  22  2:00  SCV  
  23  2:07  Barracks Tech Lab  
  23  2:08  Barracks Tech Lab  
  23  2:19  SCV  
  24  2:25  Marine  
  24  2:26  Marine  
  24  2:27  Stimpack  
  24  2:28  Concussive Shells, Marine  
  27  2:37  Supply Depot  
  27  2:43  Marine  
  27  2:44  Marine  
  29  2:45  Marine, SCV  
  31  3:01  Marauder  
  31  3:02  Marauder  
  31  3:03  Marine  
  36  3:07  Supply Depot  
  36  3:18  Combat Shields  
  36  3:19  SCV  
  37  3:21  Marine  
  37  3:22  Marine  
  39  3:28  Marine  
  39  3:29  Supply Depot  
  40  3:39  Marine  
  40  3:40  Marauder  
  43  3:45  Refinery  
  43  3:55  SCV  
  43  4:06  Factory  
  43  4:08  SCV  
  44  4:20  SCV  
  45  4:28  Supply Depot  
  45  4:32  SCV  
  46  4:41  Marauder x2, Marine  
  46  4:42  Engineering Bay  
  51  4:52  Starport, Command Center  
  51  5:03  Marauder  
  53  5:07  Marauder  
  53  5:09  Terran Infantry Weapons Level 1  
  55  5:20  Supply Depot  
  55  5:24  Marauder  
  57  5:30  Engineering Bay  
  57  5:38  Barracks Reactor  
  59  5:42  Marauder  
  59  5:47  Marauder  
  61  5:56  Terran Infantry Armor Level 1  
  61  6:01  Barracks  
  61  6:04  SCV  
  61  6:05  SCV  
  61  6:06  Refinery  
  63  6:17  SCV x2  
  65  6:29  SCV x2  
  65  6:30  Starport Reactor, Factory Tech Lab  
  67  6:40  Missile Turret  
  67  6:41  SCV  
  67  6:44  Command Center  
  68  6:51  Orbital Command  
  68  6:57  Siege Tank  
  68  6:58  SCV  
  72  7:05  Marine  
  72  7:07  Marine  
  72  7:08  Marine  
  70  7:09  Marine  
  70  7:10  SCV  
  70  7:11  Marine  
  66  7:16  SCV  
  67  7:23  Marine, SCV  
  67  7:24  Marine  
  67  7:26  Marine  
  67  7:27  Marine  
  67  7:28  SCV  
  67  7:29  Marine  
  74  7:35  SCV  
  75  7:41  Marine, SCV  
  75  7:42  Marine  
  75  7:43  Marine  
  79  7:45  Supply Depot, Marine  
  79  7:47  SCV  
  79  7:50  Marine  
  82  7:53  SCV  
  83  7:58  Marine  
  83  7:59  SCV x2  
  83  8:00  Marine  
  83  8:01  Marine  
  83  8:05  SCV  
  89  8:11  SCV  
  89  8:12  SCV  
  91  8:16  Siege Tank  
  91  8:17  SCV  
  95  8:23  SCV  
  96  8:27  Supply Depot, SCV  
  96  8:29  SCV  
  95  8:35  Marine, SCV  
  95  8:38  Marine  
  91  8:41  SCV x2  
  91  8:45  Marine  
  91  8:47  SCV  
  91  8:48  Marine, Siege Tank  
  73  8:50  Marine  
  73  8:53  Marine  
  59  8:56  Marine  
  60  9:15  Marine  
  61  9:19  Marauder  
  60  9:25  Marine  
  60  9:27  Command Center  
  60  9:28  Marine  
  58  9:33  Marauder, SCV  
  61  9:40  Marine  
  61  9:41  Marauder  
  63  9:45  SCV  
  58  9:54  Marauder  
  40  10:01  Marine  
  40  10:02  Marine  
  40  10:05  Marine  
  40  10:07  Marine  
  41  10:14  SCV  
  41  10:19  Marine  
  43  10:25  Marauder  
  43  10:26  SCV  
  43  10:32  Supply Depot  
  43  10:39  Marine, SCV  
  43  10:40  Supply Depot  
  43  10:41  Factory  
  44  10:42  SCV  
  44  10:54  SCV  
  43  10:59  Barracks  
  43  11:01  SCV  
  43  11:03  Supply Depot  
  45  11:08  Liberator  
  45  11:14  Barracks  
  44  11:23  Liberator  
  44  11:25  SCV  
  48  11:31  SCV  
  48  11:33  Supply Depot  
  48  11:37  SCV  
  43  11:40  Engineering Bay  
  43  11:43  SCV  
  43  11:46  Marine  
  47  11:51  Factory Tech Lab, SCV  
  39  11:55  SCV  
  34  12:03  SCV  
  34  12:07  SCV  
  32  12:12  Siege Tank  
  32  12:15  SCV  
  34  12:19  SCV  
Tags
 
Composition
MMM BioMMM Bio
League
Gold
Matchup
TvT
Race
Terran
Add a new tag
Caveats
  • Supply blocks, unpowered buildings, or Contaminate may cause inaccurate times.
  • Supply counts are checked every 10 seconds.